Map: Затон РВ

Players

Murena - Winner!

  • Race: Terran Terran
  • Spawn Location: 5:00

ИИ 1 (эксперт)

  • Race: Protoss Protoss
  • Spawn Location: 11:00

VOD

Have the link to the VOD?

Description

Time

  • Played on: March 28, 2019, 12:31 p.m.
  • Length: 8:45
Show
View Real Time Build Order
Export as new Build Order

Murena Terran - Winner!

Build Orders:  

Get SALT Encoding   

  12  0:00  SCV  
  13  0:13  SCV  
  14  0:19  Supply Depot  
  14  0:25  SCV  
  15  0:41  SCV  
  16  0:43  Barracks  
  16  0:53  Barracks  
  16  0:56  SCV  
  17  1:02  Refinery  
  17  1:09  SCV  
  18  1:16  Supply Depot  
  18  1:21  SCV  
  19  1:29  Marine  
  20  1:34  Orbital Command  
  20  1:40  Marine  
  21  1:47  Marine  
  22  1:58  Marine  
  22  1:59  SCV  
  24  2:05  Factory  
  24  2:07  Marine  
  24  2:08  Refinery  
  25  2:16  SCV  
  25  2:18  Bunker  
  25  2:19  Marine  
  27  2:28  Marine, Supply Depot  
  28  2:33  SCV  
  29  2:37  Barracks Tech Lab  
  29  2:49  SCV  
  30  2:52  Starport, Barracks Tech Lab  
  30  2:59  Marine  
  30  3:01  Factory Tech Lab  
  30  3:02  SCV  
  32  3:10  Supply Depot  
  32  3:11  Marauder  
  34  3:15  SCV  
  35  3:20  Marauder  
  37  3:27  Hellion  
  37  3:29  Starport Reactor  
  37  3:33  Marauder  
  41  3:43  Supply Depot  
  41  3:44  Marauder  
  43  3:51  Siege Tank  
  46  4:04  Combat Shield  
  46  4:09  Marine  
  47  4:10  Marine  
  47  4:15  Supply Depot  
  48  4:18  Medivac  
  48  4:22  SCV  
  51  4:25  Hellion  
  51  4:29  Marine  
  51  4:30  Marine  
  55  4:35  Supply Depot  
  55  4:41  SCV  
  55  4:42  Medivac  
  55  4:45  Concussive Shells  
  58  4:50  Hellion  
  58  4:52  Marine  
  61  4:53  Marine  
  61  4:54  SCV  
  63  5:04  Medivac  
  65  5:10  Marauder, Supply Depot  
  65  5:13  Marauder  
  69  5:20  SCV  
  70  5:30  Engineering Bay  
  70  5:32  Engineering Bay  
Show
View Real Time Build Order
Export as new Build Order

ИИ 1 (эксперт) Protoss 

Build Orders: Colossus Rush 

Get SALT Encoding   

  12  0:00  Probe  
  13  0:13  Probe  
  14  0:19  Pylon  
  14  0:25  Probe  
  15  0:33  Probe  
  15  0:40  Gateway  
  15  0:41  Probe  
  16  0:47  Assimilator  
  17  0:52  Probe  
  18  1:00  Pylon, Probe  
  19  1:08  Probe  
  19  1:18  Probe  
  21  1:28  Zealot  
  21  1:30  Cybernetics Core, Probe  
  24  1:42  Probe  
  25  1:48  Warp Gate  
  25  1:59  Nexus  
  25  2:01  Probe  
  26  2:13  Probe  
  27  2:15  Stalker  
  29  2:25  Probe  
  29  2:28  Pylon  
  30  2:37  Gateway, Probe  
  30  2:42  Assimilator  
  31  2:49  Adept, Probe  
  34  2:57  Pylon  
  34  3:00  Probe  
  35  3:08  Probe  
  35  3:11  Probe  
  36  3:17  Probe  
  36  3:19  Adept  
  39  3:24  Robotics Facility  
  40  3:27  Adept  
  40  3:29  Probe  
  40  3:32  Probe  
  44  3:41  Probe  
  44  3:44  Probe  
  46  3:53  Probe  
  47  3:56  Adept, Probe  
  50  4:04  Probe  
  50  4:05  Adept  
  50  4:08  Probe  
  54  4:12  Probe  
  54  4:13  Pylon  
  54  4:16  Robotics Bay, Observer  
  56  4:17  Adept  
  56  4:20  Probe x2  
  56  4:24  Robotics Facility  
  59  4:30  Pylon  
  59  4:31  Stalker  
  62  4:37  Stalker  
  64  4:40  Probe  
  64  4:41  Pylon  
  64  4:42  Probe  
  66  5:02  Gateway  
  66  5:04  Colossus  
  66  5:11  Zealot  
  66  5:12  Pylon  
  68  5:14  Zealot  
  76  5:25  Pylon  
  76  5:27  Zealot  
  78  5:34  Zealot  
  80  5:44  Stalker  
  80  5:45  Probe x2  
  80  5:46  Assimilator  
  80  5:47  Twilight Council  
  84  5:51  Forge  
  84  5:52  Assimilator  
  84  5:54  Forge  
  84  5:55  Nexus  
  84  6:02  Sentry  
  86  6:08  Probe  
  86  6:09  Probe  
  88  6:11  Pylon  
  88  6:16  Zealot  
  88  6:17  Zealot  
  90  6:20  Probe  
  90  6:21  Probe  
  72  6:25  Zealot  
  72  6:30  Templar Archives  
  72  6:32  Zealot  
  66  6:33  Probe  
  57  6:43  Zealot  
  57  6:46  Zealot  
  57  6:56  Zealot  
  59  7:04  Zealot  
  59  7:07  Adept  
  48  7:17  High Templar, Probe  
  48  7:20  Stalker, Probe  
  48  7:21  Assimilator  
  36  7:24  High Templar  
  36  7:25  Probe  
  28  7:32  Probe  
  28  7:33  Probe  
  15  7:44  Probe  
  16  8:00  Nexus  
  16  8:01  Pylon  
  16  8:04  Assimilator  
Tags
 
Matchup
ПvТ
Spawn Locations
Cross Positions
Add a new tag
Caveats
  • Supply blocks, unpowered buildings, or Contaminate may cause inaccurate times.
  • Supply counts are checked every 10 seconds.